Map: Acropolis LE

Players

Woah - Winner!

  • Race: Terran Terran
  • League: Platinum
  • Spawn Location: 5:00

Skyer

  • Race: Zerg Zerg
  • League: Platinum
  • Spawn Location: 11:00

VOD

Have the link to the VOD?

Description

Time

  • Played on: June 14, 2019, 12:02 p.m.
  • Length: 25:11
Show
View Real Time Build Order
Export as new Build Order

Woah Terran - Winner!

Build Orders: Reaper Expand 

Get SALT Encoding   

  12  0:01  SCV  
  13  0:13  SCV  
  14  0:17  Supply Depot  
  14  0:25  SCV  
  15  0:39  SCV  
  15  0:41  Barracks  
  16  0:45  Refinery  
  16  0:51  SCV  
  17  1:03  SCV  
  18  1:15  SCV  
  19  1:27  Orbital Command  
  19  1:28  Reaper  
  20  1:41  Command Center  
  20  1:53  Barracks  
  20  1:56  SCV  
  21  2:15  Barracks Tech Lab  
  21  2:16  SCV  
  22  2:24  Factory  
  22  2:28  SCV, Refinery  
  23  2:39  Supply Depot  
  23  2:41  Barracks Reactor  
  23  2:53  SCV, Orbital Command  
  24  3:00  Marine  
  24  3:04  Stimpack  
  25  3:07  SCV  
  25  3:10  Supply Depot  
  26  3:20  SCV x2  
  26  3:22  Marine x3  
  31  3:31  Starport  
  31  3:32  SCV, Factory Reactor  
  32  3:37  SCV  
  33  3:42  Supply Depot  
  33  3:44  SCV  
  34  3:50  SCV  
  34  3:53  Marine  
  34  3:54  Marine  
  37  3:55  Marine  
  37  3:59  SCV  
  39  4:10  SCV, Engineering Bay  
  39  4:12  SCV  
  41  4:22  Medivac x2  
  41  4:23  SCV, Marine x2  
  48  4:24  SCV  
  48  4:28  Marine  
  48  4:30  Engineering Bay  
  50  4:40  SCV, Widow Mine  
  50  4:44  SCV  
  54  4:46  Supply Depot  
  54  4:53  SCV  
  54  4:56  SCV  
  54  4:57  Command Center  
  56  5:09  Marine x3  
  56  5:12  Terran Infantry Weapons Level 1  
  59  5:17  Barracks  
  59  5:18  Factory Reactor, Barracks  
  59  5:19  Combat Shield, Barracks  
  59  5:21  SCV  
  59  5:25  Refinery  
  59  5:26  SCV  
  59  5:27  Marine x3  
  64  5:34  SCV  
  65  5:37  Medivac  
  67  5:44  Marine  
  67  5:45  Marine  
  67  5:48  Marine  
  70  5:55  Barracks x2  
  70  6:02  SCV  
  70  6:03  Marine x2  
  70  6:08  Marine  
  63  6:19  SCV  
  63  6:20  SCV  
  63  6:21  Barracks Reactor x2  
  65  6:27  Armory, Refinery  
  65  6:30  Widow Mine x2  
  65  6:32  SCV x2  
  71  6:44  SCV  
  72  6:51  Medivac, Widow Mine x2  
  78  6:56  SCV  
  78  6:57  Barracks Tech Lab  
  78  6:59  Barracks Reactor  
  79  7:05  SCV  
  79  7:06  Terran Infantry Armor Level 1  
  79  7:08  SCV  
  81  7:31  Factory Tech Lab  
  69  7:38  SCV x2  
  69  7:41  Marine  
  69  7:42  Marine x9  
  82  7:50  Command Center, Siege Tank  
  84  7:52  SCV  
  84  7:53  Starport, Terran Infantry Weapons Level 2  
  84  7:55  Barracks Tech Lab, Terran Vehicle Weapons Level 1  
  85  8:07  Supply Depot  
  85  8:08  Orbital Command, Supply Depot  
  85  8:16  Concussive Shells  
  85  8:27  Bunker  
  85  8:28  SCV, Marauder, Marine x5  
  85  8:29  SCV, Marauder x2, Marine x3  
  85  8:31  Supply Depot  
  85  8:33  Supply Depot  
  101  8:44  SCV  
  101  8:46  Marine  
  101  8:52  Marine x2  
  101  8:53  Marauder x3, Liberator  
  101  8:54  Siege Tank, Liberator, Marine x2  
  114  9:00  SCV  
  114  9:01  Factory, Marine x3  
  118  9:03  Marine  
  118  9:07  Orbital Command  
  119  9:10  Marine x2  
  119  9:12  Marine x2  
  119  9:14  SCV x2  
  119  9:16  Refinery  
  131  9:17  Refinery  
  131  9:18  Marine  
  132  9:39  Terran Infantry Armor Level 2  
  132  9:40  Marine  
  132  9:43  Marauder x2, Siege Tank  
  131  9:45  Marauder  
  131  9:49  Factory Tech Lab  
  131  9:52  Marine x5  
  129  9:53  Marine x2  
  129  9:56  SCV x3  
  125  10:04  Marauder x2  
  125  10:06  Marine  
  125  10:07  Marauder  
  125  10:10  Marine x2  
  127  10:15  Siege Tank  
  127  10:26  Marauder x2  
  127  10:28  SCV  
  132  10:32  Starport  
  132  10:33  Barracks  
  132  10:34  Barracks  
  132  10:37  Command Center  
  132  10:39  Supply Depot  
  132  10:41  Supply Depot  
  132  10:44  Terran Infantry Weapons Level 3  
  132  10:59  Bunker  
  132  11:00  Marine x2  
  132  11:01  SCV x2, Marauder x2  
  132  11:02  Marauder, Medivac x2, Marine x2  
  148  11:17  Starport Reactor  
  148  11:19  Starport Tech Lab  
  148  11:26  Barracks Tech Lab  
  148  11:27  Barracks Reactor  
  148  11:32  Liberator  
  148  11:36  Factory Tech Lab  
  148  11:49  SCV x3, Marine x9  
  148  11:53  Supply Depot  
  163  11:54  Supply Depot x2  
  163  11:56  Supply Depot  
  163  11:58  Liberator  
  163  11:59  Liberator  
  163  12:08  Ghost Academy  
  163  12:15  SCV x2, Marine x6  
  171  12:16  Viking x2, Marauder, SCV x2  
  182  12:23  Command Center  
  182  12:29  SCV  
  172  12:32  Marine  
  140  12:40  Siege Tank  
  118  12:55  Terran Infantry Armor Level 3  
  118  12:56  Marine x2  
  118  12:57  Marauder x3, Marine x2  
  96  13:13  Siege Tank  
  98  13:20  Liberator  
  98  13:34  Marine x4  
  98  13:35  Marauder x2, Marine x4  
  98  13:37  Viking  
  98  13:38  Medivac  
  118  13:41  Ghost  
  118  13:43  SCV  
  118  13:46  Barracks, Supply Depot  
  118  13:47  Supply Depot  
  118  13:48  Supply Depot  
  120  13:49  Missile Turret  
  120  13:52  Marine x3  
  123  13:57  Marauder x2  
  123  14:00  Missile Turret  
  123  14:02  Missile Turret  
  127  14:04  Missile Turret  
  127  14:15  Ghost, Marine x2  
  127  14:16  Marine x5  
  127  14:17  Ghost, Marine  
  136  14:18  SCV, Marauder  
  134  14:33  Marine  
  104  14:48  Ghost x2  
  104  14:49  Ghost, Marine x3  
  99  15:04  Marine x2  
  91  15:18  Marauder x3, Marine  
  94  15:21  Marine  
  94  15:22  Marine x6  
  94  15:28  Orbital Command  
  101  15:36  Marine  
  101  15:39  Marauder x3, Marine x2  
  101  15:40  Marine  
  101  15:42  Marine x4  
  113  15:53  Factory Tech Lab  
  113  15:54  Siege Tank, Marine  
  117  15:57  Marine x3  
  117  16:00  Marauder, Marine x4  
  117  16:01  Marauder  
  123  16:11  SCV  
  123  16:12  SCV x4  
  123  16:14  Marine x2  
  123  16:15  Marine  
  123  16:17  Liberator  
  131  16:18  Marauder  
  131  16:20  Fusion Core  
  131  16:23  SCV  
  131  16:24  SCV x2  
  136  16:26  SCV  
  136  16:27  SCV  
  138  16:33  Medivac  
  143  16:46  SCV x4  
  148  16:52  Planetary Fortress, Refinery  
  148  16:53  Refinery  
  147  16:58  Sensor Tower  
  147  17:18  Liberator  
  147  17:19  Liberator x2  
  147  17:21  SCV  
  148  17:24  Command Center  
  148  17:27  Supply Depot  
  148  17:28  Terran Ship Weapons Level 1, Supply Depot  
  148  17:29  Supply Depot  
  148  17:32  SCV x2  
  148  17:33  Viking  
  161  17:37  Starport Reactor  
  161  17:39  Siege Tank  
  159  17:58  Missile Turret  
  159  17:59  Missile Turret  
  159  18:02  Liberator  
  159  18:03  Liberator  
  159  18:04  Missile Turret x2  
  152  18:43  Orbital Command  
  152  18:50  Marine  
  152  18:51  Marauder, Command Center, Marine x9  
  144  19:08  Marine  
  144  19:09  Marauder x2, Marine x3  
  152  19:12  Marauder  
  152  19:13  Marine x4  
  158  19:17  Command Center  
  158  19:19  Command Center  
  159  19:33  Ghost  
  159  19:36  Ghost  
  159  19:38  Ghost  
  161  19:39  Marine x8  
  169  19:57  Marine x5  
  126  20:26  Liberator  
  126  20:27  Liberator  
  117  20:40  Marine  
  117  20:41  Marine x10  
  117  20:42  Medivac x2  
  121  20:44  Medivac  
  131  20:51  Refinery  
  131  20:58  Marine  
  131  20:59  Marine x9  
  131  21:00  Marine  
  131  21:02  SCV x2  
  144  21:16  Marine  
  144  21:17  Ghost, Marine x6  
  153  21:20  Refinery x2  
  153  21:30  Orbital Command  
  153  21:35  Refinery  
  153  21:39  Bunker, Refinery  
  153  21:46  Ghost x2  
  157  21:47  Marine x2  
  157  21:48  Marine x7  
  166  21:57  Personal Cloaking  
  166  22:05  Marine x2  
  166  22:06  Marine x7  
  175  22:09  SCV x2  
  175  22:10  SCV x3  
  175  22:12  Orbital Command  
  175  22:15  Marine x2  
  182  22:21  SCV x2  
  184  22:23  Marine x2  
  184  22:24  Marine  
  187  22:33  Missile Turret  
  152  23:38  Liberator x3  
  135  23:51  Marine  
  135  23:52  Marine x8  
  135  23:53  Marauder x2  
  135  23:54  Siege Tank x2  
  158  24:09  Marine  
  153  24:10  Marine x2  
  153  24:11  Marauder  
  153  24:14  Marauder x2  
  157  24:19  Marine  
  157  24:20  Marine x4  
  162  24:26  Siege Tank  
  162  24:27  Marine  
  162  24:28  Marine x2  
  168  24:32  Marine  
  168  24:35  Marine x2  
  168  24:37  Marine  
  168  24:38  Marine  
Show
View Real Time Build Order
Export as new Build Order

Skyer Zerg 

Build Orders: Hatch First, Lurkers 

Get SALT Encoding   

  12  0:02  Drone  
  13  0:13  Overlord  
  13  0:19  Drone  
  14  0:36  Drone x2  
  16  0:52  Drone  
  16  0:55  Hatchery  
  16  0:56  Drone  
  17  1:03  Drone  
  18  1:13  Spawning Pool  
  18  1:15  Drone  
  18  1:19  Extractor  
  18  1:21  Drone  
  18  1:30  Drone  
  19  1:42  Overlord  
  19  1:52  Drone  
  20  1:59  Queen  
  22  2:02  Zergling x2  
  22  2:07  Drone  
  22  2:08  Queen  
  26  2:14  Drone  
  27  2:21  Roach Warren  
  26  2:26  Drone  
  26  2:29  Zergling x2  
  28  2:30  Drone  
  28  2:31  Metabolic Boost  
  29  2:42  Drone  
  30  2:54  Drone  
  30  2:55  Queen  
  33  2:59  Lair  
  33  3:03  Drone x3  
  36  3:06  Overlord  
  36  3:23  Overlord x2  
  36  3:34  Hatchery  
  35  3:42  Extractor  
  34  3:49  Zergling x8  
  34  3:51  Overlord  
  38  4:10  Drone x2  
  38  4:16  Hydralisk Den  
  39  4:17  Glial Reconstitution  
  39  4:23  Drone x3  
  42  4:25  Drone x3  
  45  4:33  Spore Crawler  
  45  4:34  Queen  
  45  4:35  Spore Crawler  
  45  4:46  Drone  
  45  4:47  Baneling Nest  
  45  5:00  Drone x2  
  45  5:01  Drone x2  
  45  5:02  Drone x3  
  45  5:05  Extractor  
  45  5:06  Extractor  
  50  5:14  Evolution Chamber  
  50  5:21  Evolution Chamber  
  48  5:22  Drone x2  
  48  5:26  Drone  
  48  5:27  Drone x2  
  53  5:29  Grooved Spines  
  53  5:30  Centrifical Hooks  
  53  5:41  Drone x6  
  53  5:42  Zergling x4  
  61  5:43  Baneling  
  61  5:44  Baneling x5  
  59  5:50  Hydralisk x2  
  61  6:22  Zerg Melee Weapons Level 1, Zerg Ground Armor Level 1  
  61  6:36  Hatchery  
  60  6:45  Infestation Pit  
  60  6:47  Muscular Augments  
  59  6:48  Overlord x2  
  59  6:49  Overlord x2  
  59  6:50  Zergling x2  
  59  6:53  Overlord  
  60  7:03  Spore Crawler, Drone  
  60  7:05  Spore Crawler x2  
  58  7:17  Hydralisk x4  
  58  7:18  Hydralisk  
  68  7:24  Zergling x4  
  65  7:46  Spore Crawler  
  65  7:47  Hive  
  65  7:48  Hydralisk x4  
  65  7:49  Hydralisk x3  
  76  7:56  Drone x3  
  76  7:58  Drone x4  
  83  8:25  Spore Crawler  
  83  8:26  Lurker Den  
  81  8:28  Drone  
  81  8:29  Drone x5  
  81  8:31  Extractor  
  81  8:34  Spore Crawler  
  85  8:36  Spore Crawler  
  82  8:47  Zergling x8  
  86  8:54  Baneling x3  
  87  8:55  Zergling x4  
  87  8:56  Hydralisk x4, Zergling x2  
  87  8:59  Zerg Melee Weapons Level 2, Zerg Missile Weapons Level 1  
  97  9:04  Drone  
  97  9:05  Extractor  
  97  9:07  Overlord x2  
  97  9:11  Baneling x4  
  97  9:12  Baneling x2  
  97  9:22  Queen, Spire  
  98  9:24  Spore Crawler  
  98  9:28  Zergling x2  
  98  9:30  Baneling x3  
  83  9:56  Overseer x2  
  83  9:57  Pneumatized Carapace  
  80  10:18  Overseer x2  
  80  10:32  Hydralisk x2  
  80  10:33  Hydralisk x2  
  80  10:34  Lurker x2  
  90  10:41  Drone x3  
  90  10:42  Drone x5  
  98  10:52  Zerg Ground Armor Level 2, Queen  
  98  10:53  Queen  
  102  11:03  Drone x3, Spine Crawler  
  104  11:04  Spore Crawler  
  104  11:08  Adrenal Glands  
  103  11:13  Greater Spire  
  103  11:14  Corruptor x2  
  107  11:29  Queen  
  107  11:30  Drone x2  
  107  11:31  Drone  
  112  11:37  Corruptor  
  112  11:38  Spine Crawler  
  113  11:40  Overlord x5  
  113  11:45  Zergling x2  
  114  11:51  Baneling x2  
  114  12:07  Corruptor x4  
  114  12:08  Corruptor x3  
  104  12:37  Hydralisk  
  104  12:38  Hydralisk x4  
  106  13:04  Brood Lord x3  
  106  13:05  Brood Lord  
  94  13:29  Hydralisk x2  
  94  13:30  Hydralisk x4  
  102  13:42  Zergling x2  
  102  13:43  Zergling x2  
  104  13:49  Hatchery, Drone x2  
  104  13:50  Drone x2  
  104  13:53  Lurker, Hatchery  
  104  13:54  Lurker  
  108  13:57  Zergling x2  
  109  14:07  Brood Lord  
  98  14:42  Hydralisk x8  
  85  15:11  Hydralisk x6  
  85  15:12  Hydralisk  
  99  15:33  Zerg Melee Weapons Level 3  
  91  15:47  Infestor x2  
  95  15:55  Overseer x4  
  95  15:56  Queen, Drone  
  98  15:57  Extractor, Overseer x4  
  98  16:00  Spore Crawler  
  96  16:11  Spore Crawler, Hydralisk x6  
  92  16:13  Spore Crawler  
  92  16:17  Corruptor  
  105  16:27  Extractor  
  104  16:33  Corruptor x2  
  108  16:47  Spine Crawler  
  108  16:52  Corruptor x3  
  113  16:56  Spore Crawler  
  112  17:04  Corruptor x2  
  112  17:06  Zergling x2  
  112  17:07  Zergling x14  
  124  17:14  Drone x4  
  128  17:22  Brood Lord  
  128  17:27  Lurker  
  128  17:28  Lurker x2  
  129  17:47  Zergling x6  
  110  18:20  Corruptor x3  
  110  18:22  Brood Lord x2  
  110  18:23  Corruptor, Brood Lord x2  
  110  18:25  Zergling x6  
  126  18:29  Baneling x5  
  126  18:30  Baneling  
  122  18:43  Corruptor x2  
  126  18:48  Zerg Flyer Weapons Level 1  
  126  18:55  Zergling x4  
  127  18:56  Zergling x2  
  129  19:04  Corruptor x2  
  129  19:09  Corruptor  
  135  19:16  Zergling x2  
  135  19:17  Zergling x2  
  137  19:20  Baneling x2  
  137  19:21  Corruptor  
  139  19:26  Infestor  
  140  19:50  Adaptive Talons  
  140  19:55  Hatchery  
  140  19:56  Corruptor x2  
  105  20:22  Hydralisk  
  105  20:23  Hydralisk x5  
  105  20:25  Zergling x2  
  105  20:26  Zergling x10  
  101  20:46  Zergling x6  
  101  20:48  Brood Lord x2  
  108  21:09  Drone  
  109  21:14  Extractor  
  109  21:15  Queen  
  109  21:17  Infestor x2  
  114  21:19  Zergling x6  
  117  21:27  Baneling x4  
  117  21:28  Baneling, Zergling x8  
  117  21:29  Zergling x4  
  123  21:41  Zerg Flyer Armor Level 1  
  123  21:50  Extractor  
  123  21:52  Spore Crawler, Drone x3  
  124  21:55  Spore Crawler  
  124  21:56  Queen  
  125  22:03  Hydralisk x3  
  125  22:05  Infestor, Zergling x2  
  134  22:26  Queen  
  136  22:42  Hatchery  
  68  22:59  Hydralisk  
  68  23:00  Hydralisk x8  
  82  23:10  Hydralisk x4  
  82  23:11  Hydralisk x2  
  95  23:12  Zergling x2  
  95  23:13  Zergling x8  
  95  23:15  Corruptor  
  89  23:39  Hydralisk x4  
  89  23:40  Zergling x8  
  78  23:53  Hydralisk x4  
  78  23:54  Hydralisk x3  
  77  23:55  Zergling x4  
  77  23:56  Zergling x8  
  72  24:18  Lurker  
  72  24:19  Baneling x2  
  72  24:20  Baneling x3  
  72  24:21  Zergling x6  
  72  24:34  Drone x3  
  69  24:46  Zergling x2  
  65  24:54  Zergling x4  
Tags
 
Composition
Lurkers
Matchup
TvZ
Replay Pack
r1
Spawn Locations
Cross Positions
Add a new tag
Caveats
  • Supply blocks, unpowered buildings, or Contaminate may cause inaccurate times.
  • Supply counts are checked every 10 seconds.